TOP OF THE 1ST |
Redlands East Valley Wildcats batting - Pitching for University of Virginia Cavaliers : RHP Salvo Botticelli
|
Pitching: RHP Salvo Botticelli
|
|
Batting: RHB Zach Warwick
|
0-0: Foul Ball, location: 2F 0-1: Reached on error, E6 (Groundball, 6, EV 89.4 MPH)
|
Batting: SHB Jonathan Jacob
|
0-0: Ball Zach Warwick is caught stealing 2nd base 2-6 1-0: Ball 2-0: Fly out, F9 (Flyball, 9S, EV 75.0 MPH)
|
Batting: RHB Justin Thomas
|
0-0: Swinging Strike 0-1: Ball 1-1: Called Strike 1-2: Strikes out swinging
|
Top of the 1st over - 0 runs, 0 hits, 1 error, 0 left on base; Redlands East Valley 0 - University of Virginia 0 |
BOTTOM OF THE 1ST |
University of Virginia Cavaliers batting - Pitching for Redlands East Valley Wildcats : RHP Marco Alvarado
|
Pitching: RHP Marco Alvarado
|
|
Batting: RHB Scott Anderson
|
0-0: SINGLE (Flyball, 34D, EV 88.8 MPH)
|
Batting: LHB Edelberto Barbas
|
0-0: Swinging Strike Scott Anderson steals 2nd base 0-1: Ball 1-1: Ball 2-1: Called Strike 2-2: Fly out, F7 (Flyball, 7, EV 83.8 MPH)
|
Batting: LHB Eustachio Bontempi
|
0-0: Foul Ball, location: 2F 0-1: Ball Scott Anderson steals 3rd base 1-1: Ball Wild Pitch! Scott Anderson scores 2-1: Swinging Strike 2-2: Strikes out looking
|
Batting: LHB Ray Nichter
|
0-0: Ball 1-0: Ball 2-0: Called Strike 2-1: Swinging Strike 2-2: Strikes out looking
|
Bottom of the 1st over - 1 run, 1 hit, 0 errors, 0 left on base; Redlands East Valley 0 - University of Virginia 1 |
TOP OF THE 2ND |
Redlands East Valley Wildcats batting - Pitching for University of Virginia Cavaliers : RHP Salvo Botticelli
|
Batting: SHB Jason Pugh
|
0-0: Ball 1-0: Fly out, F8 (Flyball, 78S, EV 91.2 MPH)
|
Batting: RHB Takayashi Hori
|
0-0: Foul Ball, location: 2F 0-1: Fly out, F7 (Line Drive, 78M, EV 95.0 MPH)
|
Batting: LHB John Blumberg
|
0-0: Ball 1-0: Ball 2-0: Foul Ball, location: 2F 2-1: Fly out, F9 (Flyball, 9, EV 96.9 MPH)
|
Top of the 2nd over - 0 runs, 0 hits, 0 errors, 0 left on base; Redlands East Valley 0 - University of Virginia 1 |
BOTTOM OF THE 2ND |
University of Virginia Cavaliers batting - Pitching for Redlands East Valley Wildcats : RHP Marco Alvarado
|
Batting: RHB Jayden Johnson
|
0-0: Called Strike 0-1: Foul Ball, location: 2F 0-2: Strikes out swinging
|
Batting: RHB Allen McCaskill
|
0-0: Ball 1-0: Foul Ball, location: 2F 1-1: Called Strike 1-2: Foul Ball, location: 2F 1-2: Ball 2-2: Strikes out swinging
|
Batting: SHB Ethan Lewis
|
0-0: Foul Ball, location: 2F 0-1: Swinging Strike 0-2: Foul Ball, location: 2F 0-2: Ball 1-2: Strikes out swinging
|
Bottom of the 2nd over - 0 runs, 0 hits, 0 errors, 0 left on base; Redlands East Valley 0 - University of Virginia 1 |
TOP OF THE 3RD |
Redlands East Valley Wildcats batting - Pitching for University of Virginia Cavaliers : RHP Salvo Botticelli
|
Batting: LHB Steve Lane
|
0-0: Foul Ball, location: 2F 0-1: Ball 1-1: Ball 2-1: Foul Ball, location: 2F 2-2: Ball 3-2: Foul Ball, location: 2F 3-2: Foul Ball, location: 2F 3-2: Foul Ball, location: 2F 3-2: Foul Ball, location: 2F 3-2: Strikes out looking
|
Batting: SHB John Loechel
|
0-0: Ball 1-0: Fly out, F4 (Line Drive, 4, EV 70.0 MPH)
|
Batting: RHB Alex Freyre
|
0-0: Ball 1-0: Called Strike 1-1: Ball 2-1: Called Strike 2-2: Strikes out swinging
|
Top of the 3rd over - 0 runs, 0 hits, 0 errors, 0 left on base; Redlands East Valley 0 - University of Virginia 1 |
BOTTOM OF THE 3RD |
University of Virginia Cavaliers batting - Pitching for Redlands East Valley Wildcats : RHP Marco Alvarado
|
Batting: RHB Jason Thresher
|
0-0: Ball 1-0: Called Strike 1-1: Swinging Strike 1-2: Foul Ball, location: 2F 1-2: Ground out 5-3 (Groundball, 56S, EV 67.5 MPH)
|
Batting: RHB Sean Carswell
|
0-0: Called Strike 0-1: Fly out, F8 (Flyball, 89XD, EV 98.8 MPH)
|
Batting: RHB Scott Anderson
|
0-0: Fly out, F8 (Flyball, 8RD, EV 98.1 MPH)
|
Bottom of the 3rd over - 0 runs, 0 hits, 0 errors, 0 left on base; Redlands East Valley 0 - University of Virginia 1 |
TOP OF THE 4TH |
Redlands East Valley Wildcats batting - Pitching for University of Virginia Cavaliers : RHP Salvo Botticelli
|
Batting: RHB Zach Warwick
|
0-0: Ground out U3 (Groundball, 3, EV 86.2 MPH)
|
Batting: SHB Jonathan Jacob
|
0-0: Ground out 6-3 (Groundball, 6, EV 105.6 MPH)
|
Batting: RHB Justin Thomas
|
0-0: Swinging Strike 0-1: Swinging Strike 0-2: Ball 1-2: Ball 2-2: Foul Ball, location: 2F 2-2: Strikes out swinging
|
Top of the 4th over - 0 runs, 0 hits, 0 errors, 0 left on base; Redlands East Valley 0 - University of Virginia 1 |
BOTTOM OF THE 4TH |
University of Virginia Cavaliers batting - Pitching for Redlands East Valley Wildcats : RHP Marco Alvarado
|
Batting: LHB Edelberto Barbas
|
0-0: Ball 1-0: Ball 2-0: Ball 3-0: Base on Balls
|
Batting: LHB Eustachio Bontempi
|
0-0: Called Strike 0-1: Ball 1-1: Foul Ball, location: 2F 1-2: Ball 2-2: Strikes out looking
|
Batting: LHB Ray Nichter
|
0-0: Foul Ball, location: 2F 0-1: Foul Ball, location: 2F 0-2: Ball 1-2: Strikes out swinging
|
Batting: RHB Jayden Johnson
|
0-0: Called Strike 0-1: Fly out, F7 (Flyball, 7, EV 92.5 MPH)
|
Bottom of the 4th over - 0 runs, 0 hits, 0 errors, 1 left on base; Redlands East Valley 0 - University of Virginia 1 |
TOP OF THE 5TH |
Redlands East Valley Wildcats batting - Pitching for University of Virginia Cavaliers : RHP Salvo Botticelli
|
Batting: SHB Jason Pugh
|
0-0: Ball 1-0: Ball 2-0: Called Strike 2-1: Ground out 4-3 (Groundball, 4, EV 88.8 MPH)
|
Batting: RHB Takayashi Hori
|
0-0: Ball 1-0: Ball 2-0: Called Strike 2-1: Ball 3-1: Ground out 4-3 (Groundball, 4, EV 101.9 MPH)
|
Batting: LHB John Blumberg
|
0-0: Called Strike 0-1: SINGLE (Line Drive, 7LS, EV 111.9 MPH)
|
Batting: LHB Steve Lane
|
0-0: DOUBLE (Flyball, 78XD, EV 115.6 MPH) John Blumberg to third
|
Batting: SHB John Loechel
|
0-0: Called Strike 0-1: Swinging Strike 0-2: Ball 1-2: Ball 2-2: Ball 3-2: Strikes out swinging
|
Top of the 5th over - 0 runs, 2 hits, 0 errors, 2 left on base; Redlands East Valley 0 - University of Virginia 1 |
BOTTOM OF THE 5TH |
University of Virginia Cavaliers batting - Pitching for Redlands East Valley Wildcats : RHP Marco Alvarado
|
Batting: RHB Allen McCaskill
|
0-0: Ground out U3 (Groundball, 13, EV 89.4 MPH)
|
Batting: SHB Ethan Lewis
|
0-0: Ball 1-0: Called Strike 1-1: Swinging Strike 1-2: Foul Ball, location: 2F 1-2: Strikes out looking
|
Batting: RHB Jason Thresher
|
0-0: Swinging Strike 0-1: Swinging Strike 0-2: Foul Ball, location: 2F 0-2: Foul Ball, location: 2F 0-2: Ball 1-2: Strikes out swinging
|
Bottom of the 5th over - 0 runs, 0 hits, 0 errors, 0 left on base; Redlands East Valley 0 - University of Virginia 1 |
TOP OF THE 6TH |
Redlands East Valley Wildcats batting - Pitching for University of Virginia Cavaliers : RHP Salvo Botticelli
|
Batting: RHB Alex Freyre
|
0-0: Ball 1-0: Foul Ball, location: 2F 1-1: Swinging Strike 1-2: Foul Ball, location: 2F 1-2: Ground out 5-3 (Groundball, 56S, EV 65.6 MPH)
|
Batting: RHB Zach Warwick
|
0-0: Called Strike 0-1: Ball 1-1: Ball 2-1: Fly out, F9 (Flyball, 9D, EV 87.5 MPH)
|
Batting: SHB Jonathan Jacob
|
0-0: Ball 1-0: Ball 2-0: Called Strike 2-1: Foul Ball, location: 2F 2-2: Ground out 4-3 (Groundball, 4D, EV 108.1 MPH)
|
Top of the 6th over - 0 runs, 0 hits, 0 errors, 0 left on base; Redlands East Valley 0 - University of Virginia 1 |
BOTTOM OF THE 6TH |
University of Virginia Cavaliers batting - Pitching for Redlands East Valley Wildcats : RHP Marco Alvarado
|
Batting: RHB Sean Carswell
|
0-0: Foul Ball, location: 2F 0-1: Ball 1-1: Ball 2-1: Foul Ball, location: 2F 2-2: Foul Ball, location: 2F 2-2: Strikes out swinging
|
Batting: RHB Scott Anderson
|
0-0: Called Strike 0-1: Called Strike 0-2: Ball 1-2: Ball 2-2: Strikes out swinging
|
Batting: LHB Edelberto Barbas
|
0-0: Foul Ball, location: 2F 0-1: Ball 1-1: SINGLE (Groundball, 25, EV 73.8 MPH) (infield hit)
|
Pitching: RHP Jorge Garza
|
|
Batting: LHB Eustachio Bontempi
|
0-0: Called Strike 0-1: Ball 1-1: Fly out, F8 (Flyball, 89S, EV 88.8 MPH)
|
Bottom of the 6th over - 0 runs, 1 hit, 0 errors, 1 left on base; Redlands East Valley 0 - University of Virginia 1 |
TOP OF THE 7TH |
Redlands East Valley Wildcats batting - Pitching for University of Virginia Cavaliers : RHP Salvo Botticelli
|
Batting: RHB Justin Thomas
|
0-0: Ball 1-0: Ball 2-0: Foul Ball, location: 2F 2-1: Foul Ball, location: 2F 2-2: Ball 3-2: Base on Balls
|
Pitching: RHP Huang-di Jianbua
|
|
Pinch Hitting: LHB Jim Snell
|
0-0: Called Strike 0-1: Foul Ball, location: 2F 0-2: Ball 1-2: Fielders Choice at 2nd, 6-4 (Groundball, 6, EV 90.0 MPH)
|
Batting: RHB Takayashi Hori
|
0-0: Called Strike Jim Snell steals 2nd base (no throw) 0-1: Ball Passed Ball! Jim Snell to third 1-1: Foul Ball, location: 2F 1-2: Ball 2-2: SINGLE (Groundball, 6, EV 95.6 MPH) (infield hit) Jim Snell scores
|
Pitching: LHP Trent Hassett
|
|
Batting: LHB John Blumberg
|
0-0: Called Strike 0-1: Ball 1-1: SINGLE (Line Drive, 78S, EV 91.2 MPH) Takayashi Hori to second
|
Batting: LHB Steve Lane
|
0-0: Called Strike 0-1: Foul Ball, location: 2F 0-2: Foul Ball, location: 2F 0-2: Ball 1-2: Foul Ball, location: 2F 1-2: SINGLE (Groundball, 6S, EV 65.6 MPH) (infield hit) Takayashi Hori to third John Blumberg to second
|
Batting: SHB John Loechel
|
0-0: Called Strike 0-1: Ball 1-1: Ball 2-1: Fly out, F8 (Flyball, 8LS, EV 76.9 MPH)
|
Batting: RHB Alex Freyre
|
0-0: Ball 1-0: Ground out 4-3 (Groundball, 4, EV 81.9 MPH)
|
Top of the 7th over - 1 run, 3 hits, 0 errors, 3 left on base; Redlands East Valley 1 - University of Virginia 1 |
BOTTOM OF THE 7TH |
University of Virginia Cavaliers batting - Pitching for Redlands East Valley Wildcats : RHP Jorge Garza
|
Now in LF: Jim Snell
|
|
Now in RF: Steve Lane
|
|
Batting: LHB Ray Nichter
|
0-0: SINGLE (Groundball, 3D, EV 103.1 MPH)
|
Batting: RHB Jayden Johnson
|
0-0: Called Strike Ray Nichter is caught stealing 2nd base 2-4 0-1: Fly out, F9 (Flyball, 9LSF, EV 88.8 MPH)
|
Batting: RHB Allen McCaskill
|
0-0: Ball 1-0: Ball 2-0: Ball 3-0: Called Strike 3-1: Ground out 5-3 (Groundball, 5L, EV 103.8 MPH)
|
Bottom of the 7th over - 0 runs, 1 hit, 0 errors, 0 left on base; Redlands East Valley 1 - University of Virginia 1 |
TOP OF THE 8TH |
Redlands East Valley Wildcats batting - Pitching for University of Virginia Cavaliers : LHP Trent Hassett
|
Pitching: RHP Tzu-jao Chen
|
|
Batting: RHB Zach Warwick
|
0-0: Called Strike 0-1: Called Strike 0-2: Ball 1-2: Strikes out looking
|
Batting: SHB Jonathan Jacob
|
0-0: Foul Ball, location: 2F 0-1: Ball 1-1: Ball 2-1: Ground out U3 (Groundball, 3, EV 104.4 MPH)
|
Batting: RHB Justin Thomas
|
0-0: Ball 1-0: Swinging Strike 1-1: Swinging Strike 1-2: Foul Ball, location: 2F 1-2: Ball 2-2: Ball 3-2: Strikes out swinging, 2-3 out at first.
|
Top of the 8th over - 0 runs, 0 hits, 0 errors, 0 left on base; Redlands East Valley 1 - University of Virginia 1 |
BOTTOM OF THE 8TH |
University of Virginia Cavaliers batting - Pitching for Redlands East Valley Wildcats : RHP Jorge Garza
|
Batting: SHB Ethan Lewis
|
0-0: Ball 1-0: Ball 2-0: Ball 3-0: Called Strike 3-1: Base on Balls
|
Batting: RHB Jason Thresher
|
0-0: Bunted foul 0-1: Bunted foul 0-2: Ball Ethan Lewis is caught stealing 2nd base 2-4 1-2: Foul Ball, location: 2F 1-2: Strikes out swinging
|
Batting: RHB Sean Carswell
|
0-0: Ball 1-0: Foul Ball, location: 2F 1-1: Foul Ball, location: 2F 1-2: Strikes out looking
|
Bottom of the 8th over - 0 runs, 0 hits, 0 errors, 0 left on base; Redlands East Valley 1 - University of Virginia 1 |
TOP OF THE 9TH |
Redlands East Valley Wildcats batting - Pitching for University of Virginia Cavaliers : RHP Tzu-jao Chen
|
Batting: LHB Jim Snell
|
0-0: Called Strike 0-1: Ball 1-1: Ball 2-1: Foul Ball, location: 2F 2-2: Ball 3-2: Base on Balls
|
Batting: RHB Takayashi Hori
|
0-0: Ball Jim Snell steals 2nd base 1-0: Swinging Strike 1-1: Called Strike 1-2: Ball 2-2: Ball 3-2: Ground out 5-3 (Groundball, 56S, EV 88.1 MPH)
|
Batting: LHB John Blumberg
|
0-0: Ball Jim Snell steals 3rd base 1-0: Ball 2-0: Foul Ball, location: 2F 2-1: Called Strike 2-2: Strikes out swinging, 2-3 out at first.
|
Batting: LHB Steve Lane
|
0-0: Called Strike 0-1: Called Strike 0-2: Strikes out swinging
|
Top of the 9th over - 0 runs, 0 hits, 0 errors, 1 left on base; Redlands East Valley 1 - University of Virginia 1 |
BOTTOM OF THE 9TH |
University of Virginia Cavaliers batting - Pitching for Redlands East Valley Wildcats : RHP Jorge Garza
|
Pitching: LHP Malcolm Mcquade
|
|
Batting: RHB Scott Anderson
|
0-0: Ball 1-0: Fly out, F7 (Flyball, 7, EV 88.8 MPH)
|
Batting: LHB Edelberto Barbas
|
0-0: Foul Ball, location: 7LSF, Error on foul ball, E7 0-1: Ground out 5-3 (Groundball, 6S, EV 89.4 MPH)
|
Pinch Hitting: RHB Rob Coble
|
0-0: Called Strike 0-1: Ball 1-1: Ball 2-1: Ball 3-1: Foul Ball, location: 2F 3-2: Base on Balls
|
Batting: LHB Ray Nichter
|
0-0: Ball 1-0: Called Strike 1-1: Called Strike 1-2: Strikes out swinging
|
Bottom of the 9th over - 0 runs, 0 hits, 1 error, 1 left on base; Redlands East Valley 1 - University of Virginia 1 |
TOP OF THE 10TH |
Redlands East Valley Wildcats batting - Pitching for University of Virginia Cavaliers : RHP Tzu-jao Chen
|
Pitching: RHP Ruud van der Meulen
|
|
Now in LF: Edelberto Barbas
|
|
Now in RF: Rob Coble
|
|
Batting: SHB John Loechel
|
0-0: Ball 1-0: Foul Ball, location: 2F 1-1: Swinging Strike 1-2: Foul Ball, location: 2F 1-2: Ball 2-2: Strikes out looking
|
Batting: RHB Alex Freyre
|
0-0: Swinging Strike 0-1: Ball 1-1: Ball 2-1: Foul Ball, location: 2F 2-2: Strikes out swinging
|
Batting: RHB Zach Warwick
|
0-0: Ball 1-0: Foul Ball, location: 2F 1-1: Bunted foul 1-2: SINGLE (Groundball, 6MS, EV 74.4 MPH) (infield hit)
|
Batting: SHB Jonathan Jacob
|
0-0: Called Strike 0-1: Ball 1-1: Ball 2-1: Ball 3-1: Foul Ball, location: 2F 3-2: Base on Balls Zach Warwick to second
|
Batting: RHB Justin Thomas
|
0-0: Ball 1-0: Called Strike 1-1: SINGLE (Flyball, 89S, EV 89.4 MPH) Zach Warwick to third Jonathan Jacob to second Runner from 3rd tries for Home, SAFE, throw by RF to home
|
Batting: LHB Jim Snell
|
0-0: Ball 1-0: Ball 2-0: Ball 3-0: Called Strike 3-1: Called Strike 3-2: Ground out 4-3 (Groundball, 4MS, EV 78.1 MPH)
|
Top of the 10th over - 1 run, 2 hits, 0 errors, 2 left on base; Redlands East Valley 2 - University of Virginia 1 |
BOTTOM OF THE 10TH |
University of Virginia Cavaliers batting - Pitching for Redlands East Valley Wildcats : LHP Malcolm Mcquade
|
Pitching: LHP Hahn Patzwahl
|
|
Now at 3B: Jeremy Evans
|
|
Batting: RHB Jayden Johnson
|
0-0: Called Strike 0-1: Ball 1-1: Called Strike 1-2: Foul Ball, location: 2F 1-2: Ball 2-2: Foul Ball, location: 2F 2-2: Ball 3-2: Foul Ball, location: 2F 3-2: Foul Ball, location: 2F 3-2: Ground out 4-3 (Groundball, 4, EV 103.8 MPH)
|
Batting: RHB Allen McCaskill
|
0-0: Ball 1-0: Ball 2-0: Called Strike 2-1: Swinging Strike 2-2: Strikes out swinging
|
Pinch Hitting: RHB Leo Baxter
|
0-0: Called Strike 0-1: Ball 1-1: Swinging Strike 1-2: Strikes out swinging
|
Bottom of the 10th over - 0 runs, 0 hits, 0 errors, 0 left on base; Redlands East Valley 2 - University of Virginia 1 |
|